 Dungeon Crawl Stone Soup version 0.28.0-53-g5a82cb258f (webtiles) character file.

Game seed: 17876029452404307414

43 MiltankisOP the Insei (level 3, -1/31 (33) HPs)
             Began as a Naga Transmuter on June 25, 2022.
             Slain by a goblin
             ... wielding a +0 club
             ... led by Robin
              (4 damage)
             ... on level 2 of the Dungeon.
             The game lasted 00:02:23 (1991 turns).

MiltankisOP the Insei (Naga Transmuter)             Turns: 1991, Time: 00:02:23

HP:   -1/31 (33)    AC:  2    Str: 12    XL:     3   Next: 58%
MP:   6/6           EV: 10    Int: 13    God:
Gold: 68            SH:  5    Dex: 13    Spells: 5/6 levels left

rFire   . . .      SeeInvis +     - Unarmed
rCold   . . .      Faith    .   (no shield)
rNeg    . . .      Spirit   .   a - +0 robe
rPois   +          Reflect  +   (helmet currently unavailable)
rElec   .          Harm     .   (no cloak)
rCorr   .          Rampage  .   (no gloves)
Will    .....                   (no barding)
Stlth   +.........              e - amulet of reflection
HPRegen 0.10/turn               (no ring)
MPRegen 0.10/turn               (no ring)

@: appendages (expiring), drained, very slow
A: horns 2, AC +1, large, see invisible, deformed body, poison resistance,
slowness 2, spit poison 1, naga tail 1
a: Spit Poison, End Transformation


You were on level 2 of the Dungeon.
You had temporarily grown beastly horns.
You visited 1 branch of the dungeon, and saw 2 of its levels.

You collected 110 gold pieces.
You spent 42 gold pieces at shops.

Inventory:

Armour
 a - a +0 robe (worn)
 l - the +1 helmet of the Will of the Gods (melded) {rF+++ rN+ Dex-3 Stlth-}
   (You found it on level 2 of the Dungeon)

   Dex:       It affects your dexterity (-3).
   rF:        It renders you almost immune to fire.
   rN:        It protects you from negative energy.
   Stlth:     It makes you less stealthy.
Jewellery
 e - an amulet of reflection (around neck)
Scrolls
 h - a scroll of immolation {unknown}
 i - a scroll of fog {unknown}
 j - a scroll of amnesia {unknown}
 k - a scroll of identify {unknown}
Potions
 b - a potion of invisibility {unknown}
 c - 2 potions of flight {unknown}
 d - 2 potions of lignification {unknown}
 f - a potion of brilliance {unknown}
 g - 2 potions of curing


   Skills:
 + Level 2.4 Fighting
 - Level 1.5 Dodging
 + Level 3.8 Unarmed Combat
 - Level 2.0 Spellcasting
 - Level 2.0 Transmutations


You had 5 spell levels left.
You knew the following spells:

 Your Spells              Type           Power      Damage    Failure   Level
a - Beastly Appendage     Tmut           12%        N/A       11%         1

Your spell library contained the following spells:

 Spells                   Type           Power      Damage    Failure   Level
 Wereblood                Tmut           6%         N/A       17%         2
 Spider Form              Tmut/Pois      3%         N/A       45%         3
 Ice Form                 Ice/Tmut       3%         N/A       86%         4


Dungeon Overview and Level Annotations

Branches:
Dungeon (2/15)

Altars:
Okawaru

Shops:
D:1 !

Annotations:
D:2 Robin


Innate Abilities, Weirdness & Mutations

You have temporarily grown beastly horns.
Your serpentine skin is tough. (AC +1)
You have supernaturally acute eyesight. (SInv)
Armour fits poorly on your strangely shaped body.
Your system is resistant to poisons. (rPois)
You cover ground very slowly.
You can spit poison.
You have a snake-like lower body.


Message History

You hear a shout! x2
The goblin misses you.
You completely miss the goblin. You headbutt the goblin.
You kill the goblin!
Casting: Beastly Appendage (safe; 11% risk of failure)
Confirm with . or Enter, or press ? or * to list all spells.
You extend your transformation's duration.
A goblin comes into view. It is wielding a +0 dagger.
Robin throws the goblin at you!
A goblin comes into view. It is wielding a +0 club.
The goblin shouts! x3
The goblin unwields a +0 club.
The goblin wields a +0 hunting sling.
The goblin shoots a stone.
The stone misses you. Robin hits you with a +0 dagger.
Items here: )))))) †††.
Your transformation is almost over.
The goblin unwields a +0 hunting sling.
The goblin wields a +0 club.
The goblin closely misses you.
You barely miss the goblin. Robin hits you with a +0 dagger.
The goblin hits you but does no damage.
You punch the goblin!
You kill the goblin!
Robin throws the goblin at you! The goblin hits you with a +0 club.
You closely miss the goblin. Robin throws the goblin at you!
The goblin barely misses you. The goblin completely misses you.
You miss the goblin. Robin throws the goblin at you!
The goblin hits you with a +1 dagger of draining!
You feel drained.
* * * LOW HITPOINT WARNING * * *
The goblin hits you with a +0 club.
* * * LOW HITPOINT WARNING * * *
The goblin no longer looks unusually strong. x2
The goblin hits you with a +0 dagger.
* * * LOW HITPOINT WARNING * * *
Robin throws the goblin at you!
* * * LOW HITPOINT WARNING * * *
You barely miss the goblin. You headbutt the goblin.
You kill the goblin!
The goblin hits you with a +0 club.
You die...

#.## #.#. ####.#.
....... ##### .......
#...####### .......
#.........#
#.._..##.).......#####
#..[...#ggg..........#
#......)#@g......###.#..
####.#..#)######........
#....#.#.............
###..#.#..###........#
...#.#..###..........
###...................
........###....^...#.
...........#.....###.
#.#.#...##.#.....###.


You could see Robin and 3 goblins.

Vanquished Creatures
  2 dart slugs (D:1)
  3 bats
  3 endoplasms (D:1)
  3 hobgoblins (D:1)
  2 jackals (D:1)
  A kobold (D:2)
  4 quokkas (D:1)
  A ball python (D:1)
  2 frilled lizards (D:2)
  9 goblins
  6 rats
36 creatures vanquished.

Notes
Turn   | Place    | Note
-------+----------+-------------------------------------------
     0 | D:1      | MiltankisOP the Naga Transmuter began the quest for the
                  | Orb.
     0 | D:1      | Reached XP level 1. HP: 18/18 MP: 3/3
    97 | D:1      | Found a faded altar of an unknown god.
   232 | D:1      | Reached XP level 2. HP: 25/25 MP: 3/5
  1332 | D:1      | Found Ereapt's Distillery.
  1341 | D:1      | Bought a potion of curing for 42 gold pieces
  1377 | D:1      | Reached XP level 3. HP: 27/32 MP: 4/6
  1881 | D:2      | Identified the +1 helmet of the Will of the Gods {rF+++ rN+
                  | Dex-3 Stlth-}
  1943 | D:2      | Found an iron altar of Okawaru.
  1965 | D:2      | Noticed Robin
  1991 | D:2      | Slain by a goblin

Illustrated notes

Levels and vault maps discovered:
D:1:      giann_wishing_wells, layout_loops_ring,
          hellmonk_ecumenical_altar_lost_god, serial_shops, shop
D:2:      minmay_diamond_boxcup, layout_basic, basic_altar,
          minmay_worlds_worst_comb, uniq_crazy_yiuf_cottage, uniq_robin

Skill      XL: |  1  2 |
---------------+-------+-----
Fighting       | 2 |  2.4
Dodging        | |  1.5
Unarmed Combat | |  3.8
Spellcasting   | |  2.0
Transmutations | |  2.0

Action                   || total
-------------------------++-------
Melee: Unarmed           ||   109
       Headbutt          ||    16
       Punch             ||     4
 Cast: Beastly Appendage ||    26
Armor: Robe              ||    21
Dodge: Dodged            ||    39
Block: Other             ||    19
